 Dungeon Crawl Stone Soup version 0.30.0-13-g156ef70053 (webtiles) character file.

Game seed: 1095916796840344012

1169 ProzacElf the Cudgeller (level 8, -2/52 HPs)
             Began as a Demonspawn Wanderer on May 18, 2023.
             Slain by Menkaure (17 damage)
             ... on level 5 of the Dungeon.
             The game lasted 00:11:07 (4750 turns).

ProzacElf the Cudgeller (Demonspawn Wanderer)       Turns: 4750, Time: 00:11:08

Health: -2/52      AC:  6    Str: 14    XL:     8   Next: 17%
Magic:  18/18      EV: 13    Int: 13    God:
Gold:   138        SH:  0    Dex: 14    Spells: 8/9 levels left

rFire   + . .        a - +1 quarterstaff
rCold   + + .        (shield currently unavailable)
rNeg    . . .        C - +2 robe {rC+ rF+}
rPois   .            (helmet restricted)
rElec   .            (no cloak)
rCorr   .            (no gloves)
SInv    .            (no boots)
Will    .....        (no amulet)
Stlth   +++          y - ring of protection from cold
HPRegen 0.28/turn    A - ring of magical power
MPRegen 0.16/turn

%: no passive effects
@: flying
A: horns 1, thin metallic scales 1, foul stench 2
a: no special abilities


You were on level 5 of the Dungeon.
You visited 1 branch of the dungeon, and saw 6 of its levels.
You also visited: Ossuary.

You collected 184 gold pieces.
You spent 46 gold pieces at shops.

Inventory:

Hand Weapons
 a - a +1 quarterstaff (weapon)
 b - a +1 flail of pain
 l - a +0 whip
 w - a +0 mace
 z - a +0 falchion
 E - a +2 heavy mace
Missiles
 j - 6 boomerangs of dispersal (quivered)
Armour
 d - a +0 robe
 i - a +0 ring mail
 C - a +2 robe of resistance (worn)
Jewellery
 y - a ring of protection from cold (left hand)
 A - a ring of magical power (right hand)
Scrolls
 g - 2 scrolls of enchant weapon
 h - 2 scrolls of torment {unknown}
 m - 2 scrolls of teleportation
 n - 5 scrolls of magic mapping
 q - 2 scrolls of vulnerability {unknown}
 s - 3 scrolls of fog {unknown}
 v - 2 scrolls of poison {unknown}
 x - a scroll of immolation
Potions
 c - a potion of haste
 e - a potion of attraction
 k - 3 potions of resistance
 o - a potion of ambrosia {!e}
 p - a potion of brilliance
 r - a potion of magic
 t - 3 potions of mutation
 u - 3 potions of cancellation
Miscellaneous
 f - a piece from Xom's chessboard (15/15)


   Skills:
 + Level 6.5(6.9) Maces & Flails
 - Level 3.1(5.2) Staves
 - Level 1.0 Armour
 + Level 3.3 Dodging
 - Level 5.0 Stealth
 - Level 1.0 Spellcasting
 + Level 2.1 Necromancy
 - Level 1.0 Evocations


You had 8 spell levels left.
You knew the following spells:

 Your Spells              Type           Power      Damage    Failure   Level
a - Kiss of Death         Conj/Necr      12%        2d6       19%         1

Your spell library contained the following spells:

 Spells                   Type           Power      Damage    Failure   Level
 Sublimation of Blood     Necr           6%         N/A       17%         2
 Freeze                   Ice            0%         1d3       28%         1
 Summon Small Mammal      Summ           0%         N/A       28%         1
 Ensorcelled Hibernation  Hex/Ice        0%         N/A       38%         2
 Call Canine Familiar     Summ           0%         N/A       63%         3
 Frozen Ramparts          Ice            0%         1d1       63%         3
 Hailstorm                Conj/Ice       0%         3d3       63%         3
 Spider Form              Tmut/Pois      0%         N/A       63%         3
 Summon Guardian Golem    Hex/Summ       0%         N/A       63%         3
 Anguish                  Hex/Necr       1%         N/A       87%         4


Dungeon Overview and Level Annotations

Branches:
Dungeon (6/15)             Temple (0/1) D:6         Ossuary (visited)

Altars:
Ashenzari
Cheibriados
Dithmenos
Sif Muna

Shops:
D:5 *

Annotations:
D:5 Menkaure


Innate Abilities, Weirdness & Mutations

You have a pair of small horns on your head.
You are partially covered in thin metallic scales. (AC +2)
You sometimes emit foul miasma when damaged in melee.


Message History

Found a shadowy altar o' Dithmenos.
Found a robe an' a pair o' boots.
Found 12 gold pieces.
Found 11 gold pieces.
Menkaure, Prince o' Dust comes inta view.
Why would ye want ta do tha?
Found a pair o' gloves.
Menkaure shouts!
a - a +1 quarterstaff (weapon)
Menkaure grins.
Menkaure points at ye an' mumbles some strange words.
Ye struggle ta resist.
Ye hit Menkaure.
Menkaure be lightly damaged.
Menkaure hits ye!
Ye take 11 damage, an' haf 41/52 hp.
MASSIVE DAMAGE!!
Ye hit Menkaure but do nay damage.
Yer headbutt misses Menkaure.
Menkaure be lightly damaged.
Menkaure hits ye!!
Ye take 20 damage, an' haf 21/52 hp.
MASSIVE DAMAGE!!
Ye be too injured ta fight recklessly!
Ye be too injured ta fight recklessly!
Ye be too injured ta fight recklessly!
Ye barely miss Menkaure.
Menkaure be lightly damaged.
Menkaure casts a spell at ye.
Pain shoots through yer body!
* * * LOW HITPOINT WARNIN'
* * * Ye take 9 damage, an' haf 12/52 hp.
It was a potion o' flight.
Ye feel very buoyant.
Ye fly up inta tha air.
Ye feel better.
Menkaure hits ye!
* * * LOW HITPOINT WARNIN'
* * * Ye emit a cloud o' foul miasma!
Ye regain'd 2 hp, an' now haf 14/52 hp.
Ye sock Menkaure!
Menkaure be heavily damaged.
Menkaure hits ye!
Ye die...

#### ...## ..##+###+###
##+## ....#............#
.....
....#............#......
....#............#......
....#...$........#....#
....#..........[.[...#
....##...............###
....##..........@M....^#
######.......≈≈≈≈≈≈≈≈≈.#
######$......≈.......≈.#
.....######..≈.≈≈§≈≈[≈.#
........# #..≈.≈...≈.≈.#
........###..≈.≈._...≈.#
.............≈.§...≈.≈..
.............≈.§≈≈≈≈.≈..
.............≈......


You could see Menkaure.

Vanquished Creatures
  Duvessa (D:5)
  2 phantoms
  An elf zombie (Ossuary)
  A gnoll sergeant (D:5)
  2 scorpions
  Dowan (D:5)
  3 hounds
  A centaur zombie (Ossuary)
  2 human zombies (Ossuary)
  An orc priest (D:4)
  A sleepcap (D:5)
  3 orc wizards
  2 mummies (Ossuary)
  7 gnolls
  7 adders
  A shadow imp (D:5)
  An ufetubus (D:4)
  4 adder zombies (Ossuary)
  2 dart slugs
  17 orcs
  7 ball pythons
  8 bats
  6 endoplasms
  7 giant cockroaches
  10 goblins
  7 hobgoblins
  A quokka (D:3)
  A frilled lizard (D:1)
  8 hobgoblin zombies (Ossuary)
  2 jackal zombies (Ossuary)
  7 kobolds
  11 kobold zombies (Ossuary)
  6 orc zombies (Ossuary)
  9 rats
  2 rat zombies (Ossuary)
152 creatures vanquished.

Notes
Turn   | Place    | Note
-------+----------+-------------------------------------------
     0 | D:1      | ProzacElf the Demonspawn Wanderer began the quest for the
                  | Orb.
     0 | D:1      | ProzacElf set off with the following items: a +0
                  | quarterstaff, a piece from Xom's chessboard (15/15), a
                  | potion of haste, a +0 robe; and the following spell
                  | memorised: Kiss of Death; and the following spells
                  | available to memorise: Sublimation of Blood, Anguish.
     0 | D:1      | Reached XP level 1. HP: 13/13 MP: 2/2
    11 | D:1      | Found a faded altar of an unknown god.
    48 | D:1      | Gained mutation: You are partially covered in thin metallic
                  | scales. (AC +2) [demonic ancestry]
    48 | D:1      | Reached XP level 2. HP: 18/19 MP: 3/3
   579 | D:2      | Gained mutation: You have a pair of small horns on your
                  | head. [demonic ancestry]
   579 | D:2      | Reached XP level 3. HP: 24/24 MP: 4/4
   641 | D:2      | Reached skill level 1 in Maces & Flails
   859 | D:2      | Gained mutation: You may rarely emit foul miasma when
                  | damaged in melee. [demonic ancestry]
   859 | D:2      | Reached XP level 4. HP: 23/30 MP: 5/5
   996 | D:2      | Noticed a phantom
  1008 | D:2      | Killed a phantom
  1009 | D:2      | Reached skill level 2 in Maces & Flails
  1009 | D:2      | Reached XP level 5. HP: 25/35 MP: 6/6
  1816 | D:3      | Found a snail-covered altar of Cheibriados.
  1926 | D:3      | You fall into a shaft and drop 3 floors!
  1956 | D:6      | Reached skill level 3 in Maces & Flails
  1961 | D:6      | Reached XP level 6. HP: 6/41 MP: 7/7
  1970 | D:6      | Found a sand-covered staircase.
  2089 | Ossuary  | Entered an ossuary
  2491 | Ossuary  | Reached skill level 4 in Maces & Flails
  2516 | Ossuary  | Reached skill level 5 in Stealth
  2611 | D:5      | Entered Level 5 of the Dungeon
  2624 | D:5      | Gained mutation: You sometimes emit foul miasma when
                  | damaged in melee. [demonic ancestry]
  2624 | D:5      | Reached XP level 7. HP: 26/46 MP: 8/8
  2705 | D:5      | Found Tosim's Assorted Antiques.
  2712 | D:5      | Reached skill level 5 in Maces & Flails
  2924 | D:5      | Bought a scroll labelled OLANLY FIQA for 23 gold pieces
  2924 | D:5      | Bought a scroll labelled SIULIGI ISSIM for 23 gold pieces
  2962 | D:5      | Noticed Duvessa
  3084 | D:4      | Found a shimmering blue altar of Sif Muna.
  3629 | D:4      | Found a broken altar of Ashenzari.
  4112 | D:4      | Reached skill level 6 in Maces & Flails
  4342 | D:5      | Killed Duvessa
  4343 | D:5      | Reached XP level 8. HP: 42/52 MP: 9/9
  4354 | D:5      | Noticed Dowan
  4368 | D:5      | Killed Dowan
  4733 | D:5      | Found a shadowy altar of Dithmenos.
  4738 | D:5      | Noticed Menkaure
  4750 | D:5      | Slain by Menkaure

Illustrated notes

Levels and vault maps discovered:
D:1:      giann_horns, layout_rooms, basic_ecumenical_altar, st_stairs_4
D:2:      layout_basic, corexii_leaking_fountain, minmay_diced_spiral
D:3:      layout_basic, kennysheep_slug_shrine
D:4:      layout_loops_cross, mainiacjoe_overflow_catch_the_wave
D:5:      layout_basic, mainiacjoe_overflow_concentric_impassable, serial_shops,
          shop, amcnicky_mini_pool_medium, uniq_duvessa, uniq_menkaure
D:6:      layout_basic, minmay_temple_entry_grid,
          nicolae_ossuary_entry_monument, uniq_sigmund, uniq_prince_ribbit1

Skill      XL: |  1  2  3  4  5  6  7  8 |
---------------+-------------------------+-----
Staves         | 3 |  3.1
Stealth        | 2 3 4 5 |  5.0
Maces & Flails | 1 2 3 4 6 |  6.5
Dodging        | 2 3 |  3.3
Armour         | |  1.0
Spellcasting   | |  1.0
Necromancy     | |  2.1
Evocations     | |  1.0

Action                     |  1- 3 |  4- 6 |  7- 9 || total
---------------------------+-------+-------+-------++-------
  Melee: Quarterstaff      |   112 |   241 |   151 ||   504
         Headbutt          |     4 |    49 |    28 ||    81
    Use: Scroll            |       |     8 |     2 ||    10
         Potion            |       |     1 |     8 ||     9
   Stab: Sleeping          |       |     6 |     1 ||     7
 Armour: Robe              |    14 |       |     2 ||    16
         Ring mail         |    38 |    99 |    62 ||   199
  Dodge: Dodged            |    69 |   122 |    73 ||   264

Action                     |  1- 3 |  4- 6 |  7- 9 || total
---------------------------+-------+-------+-------++-------
  Melee: Quarterstaff      |   112 |   241 |   151 ||   504
         Headbutt          |     4 |    49 |    28 ||    81
    Use: Scroll            |       |     8 |     2 ||    10
         Potion            |       |     1 |     8 ||     9
   Stab: Sleeping          |       |     6 |     1 ||     7
 Armour: Robe              |    14 |       |     2 ||    16
         Ring mail         |    38 |    99 |    62 ||   199
  Dodge: Dodged            |    69 |   122 |    73 ||   264

Levels and vault maps discovered:
D:1:      giann_horns, layout_rooms, basic_ecumenical_altar, st_stairs_4
D:2:      layout_basic, corexii_leaking_fountain, minmay_diced_spiral
D:3:      layout_basic, kennysheep_slug_shrine
D:4:      layout_loops_cross, mainiacjoe_overflow_catch_the_wave
D:5:      layout_basic, mainiacjoe_overflow_concentric_impassable, serial_shops,
          shop, amcnicky_mini_pool_medium, uniq_duvessa, uniq_menkaure
D:6:      layout_basic, minmay_temple_entry_grid,
          nicolae_ossuary_entry_monument, uniq_sigmund, uniq_prince_ribbit1
